 Dungeon Crawl Stone Soup version 0.27-a0-40-g5f2be0e231 (webtiles) character file.

Game seed: 148929427768099285

655 chromaticdragonking the Skirmisher (level 7, -1/58 HPs)
             Began as a Barachi Fighter on Jan 6, 2021.
             Was a Follower of Elyvilon.
             Slain by a human zombie (3 damage)
             ... in an ossuary.
             The game lasted 00:11:51 (3999 turns).

chromaticdragonking the Skirmisher (BaFi)           Turns: 3999, Time: 00:11:53

Health: -1/58      AC:  6    Str: 17    XL:     7   Next: 54%
Magic:  7/7        EV: 12    Int:  9    God:    Elyvilon [*.....]
Gold:   110        SH:  5    Dex: 13    Spells: 6/6 levels left

rFire    . . .     SeeInvis .   e - +2 short sword (speed)
rCold    . . .     Faith    .   i - +0 buckler
rNeg     . . .     Spirit   .   r - +0 ring mail
rPois    .         Reflect  .   (no helmet)
rElec    .         Harm     .   (no cloak)
rCorr    .         Rampage  .   (no gloves)
Will     .....                  (no boots)
Stlth    +.........             (no amulet)
HPRegen  0.19/turn              (no ring)
MPRegen  0.10/turn              (no ring)

@: marked, slow
A: +LOS, swims, slowness 1, strong legs 1
a: Hop, Renounce Religion, Lesser Healing, Divine Protection


You were in an ossuary.
You worshipped Elyvilon.
Elyvilon was aware of your devotion.
You visited 1 branch of the dungeon, and saw 4 of its levels.
You also visited: Ossuary.

You collected 110 gold pieces.

Inventory:

Hand Weapons
 a - a +0 long sword
 e - a +2 short sword of speed (weapon)
Missiles
 q - 12 poisoned darts
 s - 5 boomerangs
 t - 2 silver javelins (quivered)
Armour
 b - a +0 scale mail
 c - a +0 kite shield
 i - a +0 buckler (worn)
 r - a +0 ring mail (worn)
Scrolls
 g - a scroll of amnesia {unknown}
 j - 2 scrolls of teleportation {unknown}
 k - a scroll of fog {unknown}
 m - 4 scrolls of identify {unknown}
 n - 2 scrolls of enchant weapon {unknown}
 o - 2 scrolls of remove curse {unknown}
 p - a scroll of fear {unknown}
 u - a scroll of random uselessness {unknown}
 x - 2 scrolls of noise {unknown}
 y - 2 scrolls of silence {unknown}
Potions
 d - 2 potions of might
 f - 3 potions of mutation {unknown}
 h - 2 potions of brilliance {unknown}
 l - a potion of degeneration {unknown}
 v - a potion of heal wounds {unknown}
 w - a potion of cancellation {unknown}


   Skills:
 + Level 6.0 Fighting
 * Level 4.6 Long Blades
 + Level 1.2 Throwing
 + Level 5.9 Armour
 + Level 3.2 Dodging
 + Level 4.4 Shields


You had 6 spell levels left.
You didn't know any spells.
Your spell library was empty.

Dungeon Overview and Level Annotations

Branches:
Dungeon (4/15)            Ossuary (1/1)
 Temple: D:4-7

Altars:
Elyvilon
Hepliaklqana
Sif Muna
Vehumet

Annotations:
D:4 Grinder


Innate Abilities, Weirdness & Mutations

You can be seen from farther away. (+LOS)
You can swim through water.
You cover ground slowly.
You can hop short distances.


Message History

You barely miss the human zombie.
The human zombie is lightly damaged.
The human zombie hits you.
* * * LOW HITPOINT WARNING * * *
You hit the human zombie.
The human zombie is moderately damaged.
You hit the human zombie.
The human zombie is moderately damaged.
The human zombie hits you but does no damage.
You barely miss the human zombie.
The human zombie is moderately damaged.
The human zombie hits you.
* * * LOW HITPOINT WARNING * * *
Throw: 3 javelins (silver)
Press: ? - help, Q - select action, (/) - cycle Shift-Dir - straight line, f/p - human zombie
Aim: a human zombie (moderately damaged)
You throw a silver javelin.
The silver javelin barely misses the human zombie.
The human zombie hits you.
You die...

######################
#.........∩∩.........#
#....................#
#...##############...#
#...# #...#.((#...#
#...#.####...#Z..#...#
#...#........@####...#
#...######.∩.....#...#
#...#....#.......#...#
#...#.#..#.......#...#
#...#.####.......#...#
#...#............#...#
#...#.####..####.#...#
#...#.#..#..# .#...#
#...#....#..# .#...#


You could see a human zombie.

Vanquished Creatures
  An ogre (D:4)
  3 elf zombies (Ossuary)
  A scorpion (D:4)
  A centaur zombie (Ossuary)
  A hound (D:4)
  A human zombie (Ossuary)
  An iguana (D:4)
  A big kobold zombie (Ossuary)
  3 mummies
  3 adders
  An ooze (D:1)
  An adder skeleton (D:4)
  2 adder zombies (Ossuary)
  A worm (D:2)
  2 dart slugs
  2 leopard geckos
  3 orcs (D:3)
  10 bats
  9 giant cockroaches
  3 goblins
  6 hobgoblins
  2 jackals (D:2)
  7 kobolds
  A quokka (D:3)
  A ball python (D:2)
  7 frilled lizards
  2 goblin zombies (Ossuary)
  11 hobgoblin zombies (Ossuary)
  4 kobold zombies (Ossuary)
  10 orc zombies (Ossuary)
  13 rats
  A rat zombie (Ossuary)
  A bush (D:1)
116 creatures vanquished.

Notes
Turn   | Place    | Note
-------+----------+-------------------------------------------
     0 | D:1      | chromaticdragonking the Barachi Fighter began the quest for
                  | the Orb.
     0 | D:1      | Reached XP level 1. HP: 18/18 MP: 1/1
   135 | D:1      | Reached XP level 2. HP: 23/25 MP: 2/2
   647 | D:1      | Reached XP level 3. HP: 30/30 MP: 3/3
   819 | D:1      | Reached skill level 4 in Fighting
  2137 | D:3      | Reached XP level 4. HP: 38/38 MP: 4/4
  2398 | D:3      | Reached skill level 1 in Dodging
  2644 | D:3      | Found a faded altar of an unknown god.
  2727 | D:3      | Found a radiant altar of Vehumet.
  2727 | D:3      | Found a white marble altar of Elyvilon.
  2727 | D:3      | Found a shimmering blue altar of Sif Muna.
  2734 | D:3      | Became a worshipper of Elyvilon the Healer
  2950 | D:3      | Found a hazy altar of Hepliaklqana.
  3144 | D:4      | Reached XP level 5. HP: 43/43 MP: 5/5
  3202 | D:4      | Reached skill level 5 in Fighting
  3206 | D:4      | Noticed Grinder
  3329 | D:4      | Reached skill level 5 in Armour
  3338 | D:4      | Noticed an ogre
  3352 | D:4      | Killed an ogre
  3353 | D:4      | Reached XP level 6. HP: 27/51 MP: 6/6
  3360 | D:4      | Found a sand-covered staircase.
  3474 | Ossuary  | Entered an ossuary
  3725 | Ossuary  | Reached * piety under Elyvilon
  3848 | Ossuary  | Reached skill level 1 in Throwing
  3868 | Ossuary  | Reached XP level 7. HP: 22/56 MP: 7/7
  3992 | Ossuary  | Reached skill level 6 in Fighting
  3998 | Ossuary  | HP: 2/58 [human zombie (5)]
  3999 | Ossuary  | Slain by a human zombie

Illustrated notes

Levels and vault maps discovered:
D:1:      dpeg_arrival_rooms_b, layout_basic, serial_forest,
          infiniplex_forest_straight_3, infiniplex_forest_clump_large,
          infiniplex_forest_split, infiniplex_forest_zigzag_1,
          infiniplex_forest_straight_2, infiniplex_forest_zigzag_1,
          infiniplex_forest_zigzag_2
D:2:      layout_loops_ring
D:3:      layout_basic, nzn_hepliaklqana_mist_gate,
          gammafunk_temple_overflow_claw, chequers_ecumenical_altar_lobes,
          serial_rivers, chequers_serial_rivers_micro_d,
          chequers_serial_rivers_small_a, chequers_serial_rivers_micro_a,
          chequers_serial_rivers_marsh, chequers_serial_rivers_micro_c
D:4:      layout_loops_ring, nicolae_dithmenos_shadow_blocks,
          portal_sewer_entry_e, gup_ossuary_entry_pyramid, trog_wizard,
          uniq_grinder
Ossuary:  ossuary_tomb_1

Skill      XL: |  1  2  3  4  5  6  7 |
---------------+----------------------+-----
Armour         | 4 5 |  5.9
Fighting       | 4 5 6 |  6.0
Long Blades    | 3 4 |  4.6
Dodging        | 1 2 3 |  3.2
Shields        | 4 |  4.4
Throwing       | 1 |  1.2

Action                   |  1- 3 |  4- 6 |  7- 9 || total
-------------------------+-------+-------+-------++-------
Melee: Short sword       |   279 |   278 |    91 ||   648
       Long sword        |     3 |       |       ||     3
Throw: Dart              |     5 |     7 |       ||    12
       Javelin           |       |       |     2 ||     2
  Use: Potion            |       |     1 |       ||     1
Armor: Scale mail        |     7 |       |       ||     7
       Leather armour    |    14 |       |       ||    14
       Ring mail         |     6 |    81 |     7 ||    94
Dodge: Dodged            |    50 |   108 |    22 ||   180
Block: Kite shield       |     6 |       |       ||     6
       Buckler           |    19 |    38 |     6 ||    63

Table legend: (Time is in decaauts)
 A = Elapsed time spent in this place.
 B = Non-inter-level travel time spent in this place.
 C = Inter-level travel time spent in this place.
 D = Time resting spent in this place.
 E = Time spent auto-exploring this place.
 F = Levels seen in this place.
 G = Mean time per level.
                   A        B        C        D        E       F      G
               +--------+--------+--------+--------+--------+-----+--------+
         Total |   4220 |   4040 |    180 |    289 |   2697 |   5 |  844.0 |
       Dungeon |   3742 |   3562 |    180 |     97 |   2686 |   4 |  935.5 |
       Ossuary |    477 |    477 |      0 |    192 |     10 |   1 |  477.0 |
               +--------+--------+--------+--------+--------+-----+--------+

Top non-repeatable levels by time:
     D:3: 1278 daAuts
     D:1: 1246 daAuts
     D:2: 991 daAuts
 Ossuary: 477 daAuts
     D:4: 225 daAuts
